 Dungeon Crawl Stone Soup version 0.31.0-11-ge490571c62 (webtiles) character file.

Game seed: 2500593090425969875

265 qw the Shooter (level 5, -9/28 HPs)
             Began as a Spriggan Hunter on Feb 4, 2024.
             Mangled by a gnoll
             ... wielding a +0 halberd
              (17 damage)
             ... on level 3 of the Dungeon.
             The game lasted 00:00:28 (1955 turns).

qw the Shooter (Spriggan Hunter)                    Turns: 1955, Time: 00:00:28

Health: -9/28      AC:  2    Str:  7    XL:     5   Next: 99%
Magic:  6/6        EV: 20    Int: 10    God:
Gold:   85         SH:  0    Dex: 21    Spells: 4/4 levels left

rFire   . . .        a - +0 shortbow
rCold   . . .        (shield currently unavailable)
rNeg    . . .        c - +0 robe
rPois   .            (helmet restricted)
rElec   .            (no cloak)
rCorr   +            (gloves unavailable)
SInv    +            (boots unavailable)
Will    .....        (no amulet)
Stlth   +            h - ring of resist corrosion
HPRegen 0.24/turn    (no ring)
MPRegen 0.10/turn

%: no passive effects
@: on fire, glowing, very quick
A: very small, no large weapons, unfitting armour, see invisible, speed 3
a: no special abilities


You were on level 3 of the Dungeon.
You visited 1 branch of the dungeon, and saw 3 of its levels.

You collected 85 gold pieces.


Innate Abilities, Weirdness & Mutations

You are very small and have problems with some larger weapons.
You are too small for most types of armour.
You have supernaturally acute eyesight. (SInv)
You cover ground extremely quickly. (Speed+++)


   Skills:
 - Level 2.9 Fighting
 + Level 5.6 Ranged Weapons
 - Level 5.2 Dodging
 - Level 1.5 Stealth


You had 4 spell levels left.
You didn't know any spells.
Your spell library was empty.

Inventory:

Hand Weapons
 a - a +0 shortbow (weapon)
Armour
 c - a +0 robe (worn)
Jewellery
 f - an amulet of guardian spirit
 h - a ring of resist corrosion (left hand)
Scrolls
 d - a scroll of noise {unknown}
 g - a scroll of teleportation
Potions
 b - a potion of enlightenment
 e - a potion of curing

Dungeon Overview and Level Annotations

Branches:
Dungeon (3/15)

Altars:


Message History

Found a scroll of vulnerability.
A bombardier beetle comes into view.
Found a stone staircase leading up.
Enter note:
Enter note:
Enter note: You shoot an arrow.
The arrow hits the bombardier beetle.
The bombardier beetle is moderately wounded.
You shoot an arrow.
The arrow barely misses the bombardier beetle.
You shoot an arrow. The arrow hits the bombardier beetle!
The bombardier beetle is almost dead.
You shoot an arrow. The arrow hits the bombardier beetle.
The bombardier beetle is almost dead.
You shoot an arrow.
The arrow closely misses the bombardier beetle.
The bombardier beetle misses you. The gnoll completely misses you.
You shoot an arrow.
The arrow hits the bombardier beetle but does no damage.
The bombardier beetle is almost dead.
The gnoll closely misses you.
The bombardier beetle sprays incendiary fluid at you.
The burning spray hits you.
You are covered in liquid fire!
You shoot an arrow. The arrow hits the bombardier beetle.
You kill the bombardier beetle!
The liquid fire burns you! The gnoll misses you.
You shoot an arrow. The arrow barely misses the gnoll.
The liquid fire burns you! The gnoll completely misses you.
You shoot an arrow. The arrow hits the gnoll.
The gnoll is lightly wounded.
The liquid fire burns you! The gnoll misses you.
You shoot an arrow. The arrow closely misses the gnoll.
The liquid fire burns you!
The gnoll hits you from afar with a +0 halberd! x2
Ouch! That really hurt!
You die...

..#........g..#
............##..)......7
..##.<..%..###..........
..#.........##......?...
............##..........
#...........# ..........
#...........# <........
............# #%.g..#
...........#####@#
.................#
.........#######.#
##.......# ### #.......#
#.......# +........#
.).......# ....######


You could see a gnoll.

Vanquished Creatures
  An ogre (D:2)
  A bombardier beetle (D:3)
  An orc wizard (D:2)
  A gnoll (D:3)
  5 adders
  3 dart slugs
  A ribbon worm (D:2)
  2 orcs (D:2)
  9 endoplasms
  2 giant cockroaches
  4 goblins
  4 hobgoblins
  3 jackals (D:2)
  3 quokkas (D:2)
  8 ball pythons
  4 bats
  4 frilled lizards
  4 kobolds
  4 rats
64 creatures vanquished.

Notes
Turn   | Place    | Note
-------+----------+-------------------------------------------
     0 | D:1      | qw the Spriggan Hunter began the quest for the Orb.
     0 | D:1      | Reached XP level 1. HP: 10/10 MP: 2/2
     0 | D:1      | 0 ||| qw: Version: 0.3-a-160-g6735b56
     0 | D:1      | 0 ||| qw: Game counter: 6100
     0 | D:1      | 0 ||| qw: Melee chars always use a shield: true
     0 | D:1      | 0 ||| qw: God list: Okawaru
     0 | D:1      | 0 ||| qw: Allow faded altars: false
     0 | D:1      | 0 ||| qw: Do Orc after clearing Dungeon:15 true
     0 | D:1      | 0 ||| qw: Do second Lair branch before Depths: true
     0 | D:1      | 0 ||| qw: Lair rune preference: random
     0 | D:1      | 0 ||| qw: Goals: Normal
     0 | D:1      | 0 ||| PLANNING D:1-11
    85 | D:1      | Reached skill level 3 in Dodging
   195 | D:1      | Reached XP level 2. HP: 14/14 MP: 3/3
   599 | D:1      | 599 ||| UPGRADING to ring of resist corrosion.
   600 | D:1      | 600 ||| READING scroll labelled JIES POULECRACUASCH.
   701 | D:1      | 701 ||| READING scroll labelled FISTOI CEYWAI.
   706 | D:1      | 706 ||| READING 3 scrolls labelled PIUBBE OLUROAZUU.
   707 | D:1      | 707 ||| READING scroll labelled BEARIY HEAMOAG.
   708 | D:1      | 708 ||| DROPPING scroll of butterflies.
   709 | D:1      | 709 ||| DROPPING 2 scrolls of revelation.
   822 | D:2      | Reached XP level 3. HP: 18/18 MP: 4/4
  1107 | D:2      | Reached XP level 4. HP: 19/22 MP: 5/5
  1302 | D:2      | 1302 ||| READING scroll labelled SEREFO IDWITS.
  1303 | D:2      | 1303 ||| READING scroll labelled VAITOTSI MARYWK.
  1304 | D:2      | 1304 ||| READING scroll labelled NINTIKL KUAWE.
  1405 | D:2      | 1405 ||| DRINKING 2 clear potions.
  1431 | D:3      | Noticed an ogre
  1432 | D:3      | 1432 ||| STAIRDANCE
  1465 | D:3      | 1465 ||| STAIRDANCE
  1502 | D:3      | 1502 ||| STAIRDANCE
  1506 | D:2      | HP: 1/22 [orc/+4 heavy war axe (9)]
  1507 | D:2      | 1507 ||| READING 2 scrolls of teleportation.
  1509 | D:2      | Killed an ogre
  1510 | D:2      | Reached XP level 5. HP: 3/28 MP: 6/6
  1709 | D:3      | 1709 ||| FLEEEEING.
  1710 | D:3      | 1710 ||| FLEEEEING.
  1711 | D:3      | 1711 ||| FLEEEEING.
  1712 | D:3      | 1712 ||| FLEEEEING.
  1713 | D:3      | 1713 ||| FLEEEEING.
  1714 | D:3      | 1714 ||| FLEEEEING.
  1715 | D:3      | 1715 ||| FLEEEEING.
  1716 | D:3      | 1716 ||| STAIRDANCE
  1753 | D:2      | 1753 ||| READING scroll of identify.
  1753 | D:2      | 1753 ||| IDENTIFYING fizzy silvery potion
  1955 | D:3      | Mangled by a gnoll

Levels and vault maps discovered:
D:1:      dpeg_arrival_snail, layout_basic
D:2:      layout_rooms
D:3:      layout_rooms, shapermc_ecumenical_altar_totnotflames,
          uniq_crazy_yiuf_cottage

Skill      XL: |  1  2  3  4 |
---------------+-------------+-----
Dodging        | 3 4 5 |  5.2
Ranged Weapons | 5 |  5.6
Fighting       | 2 |  2.9
Stealth        | |  1.5

Action                     |  1- 3 |  4- 6 || total
---------------------------+-------+-------++-------
   Fire: Shortbow          |   122 |    74 ||   196
    Use: Scroll            |     4 |     5 ||     9
         Potion            |       |     1 ||     1
 Armour: Robe              |    11 |    14 ||    25
  Dodge: Dodged            |    36 |    46 ||    82

Table legend:
 A = Non-vault XP
 B = Vault XP
 C = Vault XP percentage of total XP
 D = Non-vault monster count
 E = Vault monster count
 F = Vault count percentage of total count
                 A         B        C        D         E       F
            +---------+---------+-------+---------+---------+-------
      Total |     379 |       0 |   0.0 |      64 |       0 |   0.0
            +---------+---------+-------+---------+---------+-------
        D:1 |      36 |       0 |   0.0 |      23 |       0 |   0.0
        D:2 |     243 |       0 |   0.0 |      28 |       0 |   0.0
        D:3 |     100 |       0 |   0.0 |      13 |       0 |   0.0
            +---------+---------+-------+---------+---------+-------
